 Dungeon Crawl Stone Soup version 0.32-a0-872-g59262bd (webtiles) character file.

Game seed: 10089855416249990650

10598 lyrin the Party-goer (level 11, 0/83 HPs)
             Began as a Demonspawn Fighter on Mar 30, 2024.
             Was a Follower of Uskayaw.
             Killed by divine providence
             ... invoked by an orc priest
              (10 damage)
             ... on level 11 of the Dungeon.
             The game lasted 00:22:56 (16049 turns).

lyrin the Party-goer (Demonspawn Fighter)          Turns: 16049, Time: 00:22:57

Health: 0/83       AC: 15    Str: 22    XL:     11   Next: 38%
Magic:  18/18      EV: 13    Int: 10    God:    Uskayaw [*.....]
Gold:   439        SH:  5    Dex: 17    Spells: 10/10 levels left

rFire   . . .        L - +2 scimitar (flame)
rCold   + . .        c - +0 buckler
rNeg    . . .        K - +0 acid dragon scales
rPois   +            (helmet restricted)
rElec   .            E - +0 cloak
rCorr   +            M - +2 pair of gloves of Saqipn {Int+3 Dex+3}
SInv    .            y - +2 pair of boots
Will    .....        h - amulet of faith
Stlth   +++          R - ring of Pride {rPois rC+ Str+5 Int-4}
HPRegen 0.33/turn    (no ring)
MPRegen 0.16/turn

%: faith
@: about to teleport, wreathed by umbra
A: antennae 2, claws 1, foul stench 1, foul shadow 1
a: Renounce Religion, Stomp


You were on level 11 of the Dungeon.
You worshipped Uskayaw.
Uskayaw was aware of your devotion.
You visited 2 branches of the dungeon, and saw 12 of its levels.
You also visited: Sewer.

You collected 705 gold pieces.
You spent 266 gold pieces at shops.

Inventory:

Hand Weapons
 a - a +0 long sword
 l - a +0 dagger of venom
 v - a +2 vampiric dagger
 H - a +0 orcbow
 L - a +2 scimitar of flaming (weapon)
Missiles
 z - 29 poisoned darts (quivered)
Armour
 c - a +0 buckler (worn)
 y - a +2 pair of boots (worn)
 E - a +0 cloak (worn)
 K - +0 acid dragon scales (worn)
 M - the +2 pair of gloves of Saqipn (worn) {Int+3 Dex+3}
   (You bought it in a shop on level 2 of the Dungeon)

   Int+3:     It affects your intelligence (+3).
   Dex+3:     It affects your dexterity (+3).
Jewellery
 b - a ring of flight
 h - an amulet of faith (around neck)
 j - a +6 ring of strength
 N - a ring of wizardry
 R - the ring of Pride (left hand) {rPois rC+ Str+5 Int-4}
   (You found it on level 11 of the Dungeon)

   [ring of protection from cold]

   Str+5:     It affects your strength (+5).
   Int-4:     It affects your intelligence (-4).
   rC+:       It protects you from cold.
   rPois:     It protects you from poison.
Wands
 u - a wand of paralysis (8)
 D - a wand of mindburst (1)
 I - a wand of flame (18)
 J - a wand of iceblast (5)
 Q - a wand of light (3)
Scrolls
 e - a scroll of torment {unknown}
 i - 3 scrolls of fear
 k - 2 scrolls of poison
 p - a scroll of vulnerability {unknown}
 q - 6 scrolls of enchant armour {unknown}
 r - 2 scrolls of immolation {unknown}
 s - a scroll of brand weapon {unknown}
 w - 5 scrolls of noise {unknown}
 A - 3 scrolls of fog {unknown}
 C - a scroll of acquirement {unknown}
 F - 3 scrolls of amnesia {unknown}
 G - a scroll of silence
 O - a scroll of identify
Potions
 d - 2 potions of might
 f - a potion of ambrosia {unknown}
 g - a potion of lignification {unknown}
 m - 2 potions of degeneration
 n - 4 potions of enlightenment
 t - 2 potions of brilliance {unknown}
 x - 3 potions of curing
 B - a potion of berserk rage {unknown}
 P - 2 potions of heal wounds


   Skills:
 + Level 6.9 Fighting
 + Level 9.7 Long Blades
 + Level 0.1 Throwing
 + Level 6.8 Armour
 + Level 5.3 Dodging
 - Level 3.4 Stealth
 - Level 5.0 Shields
 * Level 10.0 Invocations
 + Level 2.0 Evocations


You had 10 spell levels left.
You didn't know any spells.
Your spell library contained the following spells:

 Spells                   Type           Power      Damage    Failure   Level
 Apportation              Tloc           0%         N/A       50%         1
 Necrotise                Necr           0%         1d4       50%         1
 Sting                    Conj/Alch      0%         1d3       50%         1
 Summon Small Mammal      Summ           0%         N/A       50%         1
 Jinxbite                 Hex            0%         N/A       63%         2
 Lesser Beckoning         Tloc           0%         N/A       63%         2
 Call Canine Familiar     Summ           0%         N/A       86%         3
 Frozen Ramparts          Ice            0%         1d1       86%         3
 Ozocubu's Armour         Ice            0%         N/A       86%         3
 Teleport Other           Tloc           0%         N/A       86%         3
 Maxwell's Portable Pile  Tloc           0%         2d(5-10)  99%         4
 Summon Blazeheart Golem  Fire/Summ      0%         N/A       99%         4
 Metabolic Englaciation   Hex/Ice        0%         N/A       100%        5
 Yara's Violent Unravell  Hex/Alch       0%         3d3       100%        5
 Enfeeble                 Hex            0%         N/A       100%        7


Dungeon Overview and Level Annotations

Branches:
Dungeon (11/15)            Temple (0/1) D:7            Lair (1/5) D:9
  Sewer (visited)
    Orc: D:9-12

Altars:
Dithmenos
Fedhas
Gozag
Kikubaaqudgha
Makhleb
Okawaru
Uskayaw

Shops:
D:1 [   D:2 [

Annotations:
D:2 1 runed translucent door, Crazy Yiuf
D:11 4 transporters


Innate Abilities, Weirdness & Mutations

You have a pair of antennae on your head.
You have sharp fingernails.
You may rarely emit foul miasma when damaged in melee.
You are faintly shadowed, very rarely releasing foul flame when damaged in melee.


Message History

Your surroundings seem slightly different.
The skeletal warrior attacks as it pursues you!
The skeletal warrior completely misses you.
Okay, then.
Okay, then.
The skeletal warrior attacks as it pursues you!
The skeletal warrior hits you but does no damage.
There is a transporter here.
You enter the transporter and appear at another place.
The skeletal warrior barely misses you.
Unknown command.
There is a transporter here.
You enter the transporter and appear at another place.
The skeletal warrior hits you with a +2 flail of protection!!
Unknown command.
As you read the scroll of teleportation, it crumbles to dust.
You feel strangely unstable.
The skeletal warrior hits you with a +2 flail of protection.
The skeletal warrior is seared by the foul flame within you.
The skeletal warrior resists.
The skeletal warrior is lightly damaged.
Your surroundings suddenly seem different.
The orc hits you with a +0 whip.
The orc priest calls down the wrath of Beogh upon you.
You struggle to resist.
As you read the scroll of teleportation, it crumbles to dust.
You feel strangely unstable. The orc hits you with a +0 whip.
The orc priest calls down the wrath of Beogh upon you.
Beogh smites you!
* * * LOW HITPOINT WARNING * * *
The orc priest calls down the wrath of Beogh upon you.
You struggle to resist.
The orc attacks as it pursues you! The orc hits you with a +0 whip.
* * * LOW HITPOINT WARNING * * *
The orc throws a boomerang.
The boomerang misses you.
The orc priest suddenly grunts.
The orc priest calls down the wrath of Beogh upon you.
Beogh smites you!
You die...
Your body falls in perfect tune with the rhythm.

######'####
#....$....#
#..o.oo...#
#..$.o$o.o#
###
#..oo.oo.$# #
...
#$oooo....##..
###
#.$...z.$.'..#
#.....o...#
#.....@...#
###########


You could see a skeletal warrior, 3 orc warriors, 2 orc priests and 10 orcs.

Vanquished Creatures
  Erica (D:9)
  Pikel (D:7)
  A cyclops (D:11)
  Maurice (D:7)
  A komodo dragon (D:10)
  A kobold demonologist (D:11)
  A polar bear (D:8)
  A troll (D:10)
  A hornet (D:11)
  Grinder (D:5)
  10 yaks
  2 wyverns
  Eustachio (D:5)
  A basilisk (D:11)
  4 vampire mosquitoes (D:11)
  2 acid dragons
  5 water moccasins
  5 orc warriors
  A sky beast (D:8)
  3 black bears (D:9)
  3 ice beasts
  2 ogres (D:6)
  3 centaurs
  A phantom (D:4)
  4 lemures (D:6)
  Blork the orc (D:6)
  5 kobold brigands
  5 bullfrogs
  6 scorpions
  A gnoll sergeant (D:11)
  5 killer bees (D:9)
  2 howler monkeys (D:11)
  An electric eel (D:8)
  A bombardier beetle (D:4)
  2 gnoll boudas (D:4)
  3 hounds (D:4)
  2 jellies
  3 orc priests
  Jessica (D:2)
  11 orc wizards
  A centaur simulacrum (D:8)
  A killer bee simulacrum (D:8)
  9 adders
  17 gnolls
  2 river rats (Sewer)
  A shadow imp (D:5)
  8 white imps
  A howler monkey simulacrum (D:8)
  3 ufetubi
  2 ribbon worms (D:2)
  4 dart slugs
  44 orcs
  A bat (D:1)
  7 endoplasms
  2 giant cockroaches
  10 goblins
  5 hobgoblins
  11 jackals
  29 kobolds
  5 quokkas
  8 ball pythons
  2 frilled lizards (D:1)
  8 rats
287 creatures vanquished.

Notes
Turn   | Place    | Note
-------+----------+-------------------------------------------
     0 | D:1      | lyrin the Demonspawn Fighter began the quest for the Orb.
     0 | D:1      | Reached XP level 1. HP: 18/18 MP: 1/1
    62 | D:1      | Found Huisuh's Armour Boutique.
   107 | D:1      | Gained mutation: You are faintly shadowed, very rarely
                  | releasing foul flame when damaged in melee. [demonic
                  | ancestry]
   107 | D:1      | Reached XP level 2. HP: 22/24 MP: 2/2
   371 | D:1      | Discovered your monstrous ancestry.
   371 | D:1      | Gained mutation: You have a pair of small antennae on your
                  | head. [demonic ancestry]
   371 | D:1      | Reached XP level 3. HP: 18/29 MP: 3/3
   921 | D:2      | Reached skill level 1 in Dodging
  1054 | D:2      | Noticed Jessica
  1060 | D:2      | Killed Jessica
  1061 | D:2      | Gained mutation: You have a pair of antennae on your head.
                  | [demonic ancestry]
  1061 | D:2      | Reached XP level 4. HP: 11/35 MP: 4/4
  1243 | D:2      | Found Bumas's Antique Armour Boutique.
  1431 | D:2      | Found a runed translucent door.
  1432 | D:2      | Noticed Crazy Yiuf
  1662 | D:3      | Noticed a scorpion
  1683 | D:3      | Killed a scorpion
  1684 | D:3      | Reached XP level 5. HP: 21/41 MP: 5/5
  1869 | D:3      | Found an ancient bone altar of Kikubaaqudgha.
  1871 | D:3      | Found a blossoming altar of Fedhas.
  1874 | D:3      | Found a hide-covered altar of Uskayaw.
  1887 | D:3      | Became a worshipper of Uskayaw the Reveller
  1970 | D:3      | Reached * piety under Uskayaw
  2084 | D:3      | Found a shadowy altar of Dithmenos.
  2396 | D:4      | Found a glowing drain.
  2411 | D:4      | Reached skill level 1 in Invocations
  2439 | D:4      | Reached ** piety under Uskayaw
  2448 | Sewer    | Entered a sewer
  2472 | Sewer    | Reached *** piety under Uskayaw
  2596 | Sewer    | Reached XP level 6. HP: 30/48 MP: 5/7
  2643 | Sewer    | Reached skill level 2 in Invocations
  3082 | D:4      | Reached **** piety under Uskayaw
  3086 | D:4      | Reached ***** piety under Uskayaw
  3365 | D:4      | Reached skill level 3 in Invocations
  3365 | D:4      | Gained mutation: You may rarely emit foul miasma when
                  | damaged in melee. [demonic ancestry]
  3365 | D:4      | Reached XP level 7. HP: 54/54 MP: 9/9
  3824 | D:4      | Identified the +6 mace "Olah" {speed, rC- MP+9 SInv}
  4269 | D:5      | Entered Level 5 of the Dungeon
  4910 | D:4      | Reached skill level 1 in Stealth
  5078 | D:5      | Reached skill level 4 in Invocations
  5231 | D:5      | Noticed Grinder
  5255 | D:5      | Paralysed by Grinder for 4 turns
  5416 | D:5      | Paralysed by Grinder for 3 turns
  5441 | D:5      | HP: 1/54 [Grinder (2)]
  5441 | D:5      | Killed Grinder
  5442 | D:5      | Reached XP level 8. HP: 1/61 MP: 11/11
  5660 | D:5      | Noticed Eustachio
  5840 | D:5      | Killed Eustachio
  5841 | D:5      | Reached skill level 5 in Long Blades
  5841 | D:5      | Reached skill level 5 in Armour
  5841 | D:5      | Reached skill level 5 in Invocations
  6069 | D:5      | Found an opulent altar of Gozag.
  7381 | D:6      | Noticed Blork the orc
  7391 | D:6      | Killed Blork the orc
  7471 | D:5      | Reached XP level 9. HP: 10/66 MP: 9/13
  8229 | D:7      | Reached skill level 6 in Invocations
  8388 | D:7      | Found a staircase to the Ecumenical Temple.
  8439 | D:7      | Reached skill level 5 in Fighting
  8687 | D:7      | Noticed Maurice
  8743 | D:7      | Killed Maurice
  9037 | D:7      | Noticed Pikel
  9316 | D:7      | Killed Pikel
  9317 | D:7      | Reached skill level 7 in Invocations
  9317 | D:7      | Reached skill level 1 in Evocations
  9850 | D:8      | Noticed a polar bear
  9866 | D:8      | Killed a polar bear
 10448 | D:8      | Found a burning altar of Makhleb.
 10582 | D:8      | Gained mutation: You have sharp fingernails. [demonic
                  | ancestry]
 10582 | D:8      | Reached XP level 10. HP: 74/74 MP: 15/15
 11513 | D:9      | Found a staircase to the Lair.
 11630 | D:8      | Reached skill level 5 in Shields
 11798 | D:9      | Reached skill level 8 in Invocations
 12682 | D:9      | Noticed Erica
 12691 | D:9      | Killed Erica
 12692 | D:9      | Reached skill level 9 in Invocations
 13033 | D:9      | Found an iron altar of Okawaru.
 13479 | Lair:1   | Entered Level 1 of the Lair of Beasts
 13479 | Lair:1   | Noticed a cane toad
 13507 | D:10     | Entered Level 10 of the Dungeon
 13725 | D:2      | Bought a pair of jewelled gloves for 266 gold pieces
 13725 | D:2      | Identified the +2 pair of gloves of Saqipn {Int+3 Dex+3}
                  | (You bought it in a shop on level 2 of the Dungeon)
 13998 | D:10     | Reached XP level 11. HP: 82/82 MP: 18/18
 14992 | D:11     | Reached skill level 5 in Dodging
 15005 | D:11     | Found a transporter.
 15132 | D:11     | Found a transporter.
 15215 | D:11     | Found a transporter.
 15234 | D:11     | Found a transporter.
 15404 | D:11     | Identified the ring of Pride {rPois rC+ Str+5 Int-4}
 15471 | D:11     | Reached skill level 10 in Invocations
 15709 | D:11     | Found a transporter.
 15713 | D:11     | Found a transporter.
 15724 | D:11     | Noticed a skeletal warrior
 15724 | D:11     | Noticed a skeletal warrior
 15724 | D:11     | Noticed a skeletal warrior
 16049 | D:11     | Killed from afar by an orc priest

Illustrated notes

Levels and vault maps discovered:
D:1:      dpeg_arrival_rooms_b, layout_loops_cross, serial_shops, shop,
          solitary_fountain, kennysheep_crisscross, minmay_3d_cube
D:2:      layout_loops_ring, serial_shops,
          nicolae_shop_competitors_out_of_business, uniq_crazy_yiuf_cottage,
          uniq_jessica
D:3:      layout_rooms, grunt_temple_overflow_diamond, marbit_many_paths,
          dreamdust_wishing_well
D:4:      kennysheep_six_static_rooms, layout_layer_cave, gup_sewer_entry_glass
D:5:      layout_cave_pools, mainiacjoe_overflow_catwalk,
          nicolae_zen_rock_garden, grunt_decor_arrowhead, nrook_loot_triangle,
          uniq_grinder, uniq_eustachio
D:6:      layout_cave_pods, kennysheep_path_1, minivault_25,
          minmay_tree_intersection, uniq_blork_the_orc
D:7:      layout_basic, minmay_temple_entry_hall, uniq_pikel, uniq_maurice
D:8:      layout_loops_corners, mainiacjoe_overflow_surrounded_room, serial_ice,
          serial_ice_k, serial_ice_c, serial_ice_f, serial_ice_g, nicolae_titane
D:9:      layout_loops_cross, okawaru_altar_gauntlet_db,
          due_lair_maze_entry_diamond, minmay_liquid_box, uniq_erica
D:10:     layout_stronghold, hex_tiny
D:11:     layout_roguey [special_room_orc], serial_nicolae_subway,
          nicolae_sub_station_metal, nicolae_sub_station_crystal,
          nicolae_sub_station_stone
Lair:1:   layout_regular_city

Skill      XL: |  1  2  3  4  5  6  7  8  9 10 11 |
---------------+----------------------------------+-----
Shields        | 3 4 5 |  5.0
Long Blades    | 2 3 4 6 7 8 9 |  9.7
Armour         | 3 4 5 6 |  6.8
Dodging        | 1 2 3 4 5 |  5.3
Invocations    | 1 3 4 5 7 9 10 | 10.0
Fighting       | 4 5 6 |  6.9
Stealth        | 1 3 |  3.4
Evocations     | 1 2 |  2.0
Throwing       | |  0.1

Action                     |  1- 3 |  4- 6 |  7- 9 | 10-12 || total
---------------------------+-------+-------+-------+-------++-------
  Melee: Long sword        |   107 |   271 |   571 |   185 ||  1134
         Scimitar          |       |       |       |   224 ||   224
  Throw: Dart              |       |     3 |       |       ||     3
 Invoke: Stomp             |       |       |     1 |     1 ||     2
  Evoke: Wand              |       |       |    21 |    25 ||    46
    Use: Potion            |       |     2 |     7 |       ||     9
         Scroll            |       |       |     4 |     4 ||     8
   Stab: Paralysed         |       |     5 |    25 |    26 ||    56
         Sleeping          |       |       |     1 |     2 ||     3
         Distracted        |       |       |     1 |       ||     1
 Armour: Scale mail        |   101 |   277 |   554 |    20 ||   952
         Acid dragon scale |       |       |       |   294 ||   294
  Dodge: Dodged            |    51 |   172 |   328 |   283 ||   834
  Block: Buckler           |    33 |    93 |   179 |   124 ||   429

Table legend: (Time is in decaauts)
 A = Elapsed time spent in this place.
 B = Non-inter-level travel time spent in this place.
 C = Inter-level travel time spent in this place.
 D = Time resting spent in this place.
 E = Time spent auto-exploring this place.
 F = Levels seen in this place.
 G = Mean time per level.
                   A        B        C        D        E       F      G
               +--------+--------+--------+--------+--------+-----+--------+
         Total |  16347 |  15655 |    692 |   3449 |   8641 |  13 | 1257.5 |
       Dungeon |  15855 |  15163 |    692 |   3330 |   8435 |  11 | 1441.4 |
          Lair |      1 |      1 |      0 |      0 |      0 |   1 |    1.0 |
         Sewer |    490 |    490 |      0 |    119 |    205 |   1 |  490.0 |
               +--------+--------+--------+--------+--------+-----+--------+

Top non-repeatable levels by time:
     D:4: 2529 daAuts
     D:8: 2249 daAuts
     D:6: 1802 daAuts
     D:7: 1738 daAuts
     D:5: 1431 daAuts
     D:9: 1314 daAuts
    D:10: 1176 daAuts
    D:11: 1078 daAuts
     D:2: 999 daAuts
     D:3: 802 daAuts
     D:1: 732 daAuts
   Sewer: 490 daAuts
  Lair:1: 1 daAuts
